Map: Pillars of Gold LE

Players

AGOElazer (Elazer)

  • Race: Zerg Zerg
  • League: Grandmaster
  • Spawn Location: 1:00

SortOf - Winner!

  • Race: Zerg Zerg
  • League: Grandmaster
  • Spawn Location: 7:00

Event: DreamHack SC2 Masters 2020 Summer Europe

VOD

Have the link to the VOD?

Description

Time

  • Played on: June 25, 2020, 12:06 p.m.
  • Length: 6:19

All games in this series

Show
View Real Time Build Order
Export as new Build Order

AGOElazer Zerg 

Build Orders: Hatch First 

Get SALT Encoding   

  12  0:00  Drone  
  13  0:13  Overlord  
  13  0:17  Drone  
  14  0:31  Drone x2  
  16  0:49  Hatchery  
  15  0:52  Drone  
  15  0:56  Drone  
  17  0:59  Drone  
  18  1:09  Extractor  
  17  1:15  Spawning Pool  
  17  1:18  Drone  
  17  1:21  Drone  
  18  1:28  Drone  
  19  1:39  Drone  
  20  1:51  Drone  
  21  2:01  Drone, Queen x2  
  21  2:02  Overlord  
  26  2:11  Metabolic Boost  
  26  2:12  Drone  
  26  2:15  Zergling x2  
  28  2:22  Drone  
  29  2:23  Drone  
  30  2:33  Drone x2  
  32  2:41  Hatchery  
  31  2:44  Drone  
  31  2:46  Drone  
  33  2:51  Baneling Nest  
  33  2:55  Zergling x2  
  33  2:58  Overlord  
  33  3:05  Drone  
  33  3:06  Drone  
  33  3:11  Zergling x2  
  33  3:12  Evolution Chamber  
  35  3:14  Overlord  
  35  3:16  Zergling x2  
  35  3:18  Drone  
  37  3:21  Drone  
  37  3:23  Drone  
  37  3:25  Drone  
  37  3:26  Drone  
  41  3:33  Drone x2  
  42  3:38  Zerg Missile Weapons Level 1  
  42  3:39  Baneling  
  42  3:42  Zergling x4  
  42  3:43  Drone  
  42  3:45  Drone  
  42  3:47  Extractor  
  45  3:49  Drone x2  
  45  3:51  Drone  
  45  3:54  Drone x2  
  50  4:00  Drone x2  
  52  4:03  Lair  
  52  4:07  Overlord  
  52  4:09  Drone  
  53  4:10  Drone  
  53  4:14  Drone x2  
  53  4:16  Drone x2  
  57  4:25  Queen  
  57  4:27  Roach Warren  
  57  4:29  Drone x2  
  61  4:31  Drone x2  
  61  4:35  Drone x2  
  61  4:36  Extractor  
  61  4:37  Drone  
  65  4:38  Drone  
  65  4:42  Overlord  
  65  4:51  Zergling x2  
  66  4:53  Overlord  
  66  4:55  Extractor  
  66  4:58  Extractor  
  66  4:59  Zergling x4  
  64  5:01  Zergling x2  
  64  5:02  Zergling x8  
  64  5:04  Queen  
  67  5:12  Zergling x2  
  67  5:13  Zergling x4  
  62  5:19  Drone x8  
  69  5:22  Extractor  
  69  5:26  Spire  
  68  5:29  Roach x2  
  68  5:32  Roach  
  68  5:35  Roach  
  76  5:36  Roach x3  
  76  5:40  Overlord  
  76  5:42  Overlord  
  82  5:51  Overlord  
  82  5:54  Roach  
  79  5:59  Roach x6  
Show
View Real Time Build Order
Export as new Build Order

SortOf Zerg - Winner!

Build Orders: Hatch First 

Get SALT Encoding   

  12  0:00  Drone  
  13  0:13  Overlord  
  13  0:18  Drone  
  14  0:31  Drone x2  
  16  0:50  Hatchery  
  16  0:53  Drone  
  16  0:57  Drone  
  16  1:00  Drone  
  18  1:12  Extractor  
  18  1:16  Spawning Pool  
  16  1:19  Drone  
  16  1:22  Drone  
  18  1:29  Drone  
  19  1:39  Drone  
  20  1:51  Drone  
  21  2:00  Overlord  
  21  2:05  Queen x2  
  21  2:06  Drone  
  26  2:12  Drone  
  26  2:13  Drone  
  28  2:16  Metabolic Boost  
  28  2:23  Zergling x2  
  28  2:24  Drone  
  30  2:37  Hatchery  
  30  2:43  Drone  
  30  2:45  Drone x2  
  32  2:52  Baneling Nest  
  32  2:56  Drone  
  32  2:57  Overlord  
  32  3:00  Zergling x2  
  33  3:09  Queen, Zergling x2  
  36  3:19  Drone x4  
  40  3:23  Drone x2  
  40  3:26  Drone  
  43  3:31  Drone  
  44  3:34  Evolution Chamber  
  44  3:36  Overlord  
  44  3:38  Drone  
  44  3:41  Baneling  
  44  3:46  Overlord  
  44  3:49  Overlord  
  44  3:53  Drone x2  
  45  3:56  Drone x2  
  45  3:59  Zergling x2  
  45  4:00  Roach Warren  
  45  4:01  Zergling x2  
  48  4:07  Extractor x2  
  48  4:09  Zerg Ground Armor Level 1  
  46  4:11  Baneling x2  
  46  4:13  Zergling x2  
  46  4:16  Zergling x4  
  49  4:18  Drone  
  49  4:19  Drone  
  49  4:22  Drone  
  49  4:23  Drone  
  53  4:25  Drone  
  53  4:28  Drone  
  55  4:32  Overlord  
  56  4:38  Drone  
  56  4:39  Roach x2  
  56  4:41  Roach  
  56  4:44  Roach  
  64  4:47  Roach  
  64  4:52  Roach  
  67  4:54  Overlord  
  67  5:00  Roach  
  67  5:03  Roach x2  
  67  5:04  Roach  
  67  5:06  Roach  
  76  5:12  Roach x2  
  79  5:15  Roach x2  
  79  5:20  Zergling x2  
  79  5:21  Zergling x2  
  84  5:23  Zergling x6  
  84  5:24  Zergling x2  
  88  5:31  Overlord  
  88  5:32  Zergling x4  
  88  5:34  Overlord  
  88  5:35  Baneling x2  
  90  5:36  Baneling  
  90  5:37  Baneling x2  
  90  5:44  Overlord  
  90  5:51  Zergling x12  
  90  5:54  Zergling x2  
  90  5:56  Ravager x2  
  94  5:59  Zergling x6  
  94  6:02  Zergling x2  
Tags
 
Add a new tag
Caveats
  • Supply blocks, unpowered buildings, or Contaminate may cause inaccurate times.
  • Supply counts are checked every 10 seconds.